 Dungeon Crawl Stone Soup version 0.28.0-1-gb440e238dd (webtiles) character file.

Game seed: 13558551984084403657

91 Ablot the Grasshopper (level 4, -3/38 HPs)
             Began as a Gnoll Warper on Feb 22, 2022.
             Slain by Robin (6 damage)
             ... on level 2 of the Dungeon.
             The game lasted 00:03:19 (1400 turns).

Ablot the Grasshopper (Gnoll Warper)                Turns: 1400, Time: 00:03:19

Health: -3/38      AC:  4    Str: 12    XL:     4   Next: 57%
Magic:  20/20      EV: 12    Int: 13    God:
Gold:   99         SH:  0    Dex: 11    Spells: 11/13 levels left

rFire   . . .      SeeInvis .   l - +5 dagger (venom)
rCold   . . .      Faith    .   (no shield)
rNeg    . . .      Spirit   .   b - +0 leather armour
rPois   .          Reflect  .   (no helmet)
rElec   .          Harm     .   (no cloak)
rCorr   .          Rampage  .   (no gloves)
Will    .....                   j - +0 pair of boots
Stlth   +.........              (no amulet)
HPRegen 0.12/turn               i - ring of magical power
MPRegen 0.17/turn               (no ring)

@: no status effects
A: fangs 1, strong nose, distributed training
a: no special abilities


You were on level 2 of the Dungeon.
You visited 1 branch of the dungeon, and saw 2 of its levels.

You collected 99 gold pieces.

Inventory:

Hand Weapons
 a - a +0 trident
 l - a +5 dagger of venom (weapon)
Missiles
 d - 5 boomerangs of dispersal (quivered)
 e - 56 stones
 h - 4 poisoned darts
 m - 15 arrows
Armour
 b - a +0 leather armour (worn)
 j - a +0 pair of boots (worn)
Jewellery
 i - a ring of magical power (left hand)
Scrolls
 c - a scroll of blinking
 f - a scroll of immolation {unknown}
Potions
 g - a potion of curing {unknown}
 k - 2 potions of degeneration {unknown}


   Skills:
 + Level 4.6 Fighting
 + Level 1.2 Short Blades
 + Level 1.2 Long Blades
 + Level 1.2 Axes
 + Level 1.2 Maces & Flails
 + Level 4.6 Polearms
 + Level 1.2 Staves
 + Level 1.2 Slings
 + Level 1.2 Bows
 + Level 1.2 Crossbows
 + Level 2.8 Throwing
 + Level 2.8 Armour
 + Level 4.6 Dodging
 + Level 1.2 Stealth
 + Level 1.2 Shields
 + Level 1.2 Unarmed Combat
 + Level 5.1 Spellcasting
 + Level 1.0 Conjurations
 + Level 1.0 Hexes
 + Level 1.0 Summonings
 + Level 1.0 Necromancy
 + Level 5.5 Translocations
 + Level 1.0 Transmutations
 + Level 1.0 Fire Magic
 + Level 1.0 Ice Magic
 + Level 1.0 Air Magic
 + Level 1.0 Earth Magic
 + Level 1.0 Poison Magic
 + Level 1.3 Invocations
 + Level 1.2 Evocations


You had 11 spell levels left.
You knew the following spells:

 Your Spells              Type           Power      Damage    Failure   Level
a - Blink                 Tloc           34%        N/A       3%          2

Your spell library contained the following spells:

 Spells                   Type           Power      Damage    Failure   Level
 Gell's Gravitas          Tloc           17%        N/A       8%          3
 Lesser Beckoning         Tloc           17%        N/A       8%          3
 Teleport Other           Tloc           17%        N/A       8%          3
 Manifold Assault         Tloc           17%        N/A       56%         5


Dungeon Overview and Level Annotations

Branches:
Dungeon (2/15)

Altars:

Annotations:
D:2 Robin


Innate Abilities, Weirdness & Mutations

You have very sharp teeth.
Your uncanny sense of smell can sniff out nearby items.
Your experience applies equally to all skills.


Message History

Robin misses you.
Your Conjurations skill increases to level 1!
Your Hexes skill increases to level 1!
Your Summonings skill increases to level 1!
Your Necromancy skill increases to level 1!
Your Transmutations skill increases to level 1!
Your Fire Magic skill increases to level 1!
Your Ice Magic skill increases to level 1!
Your Air Magic skill increases to level 1!
Your Earth Magic skill increases to level 1!
Your Poison Magic skill increases to level 1!
Robin hits you with a +3 vorpal spear.
Items here: ))))) †††††.
You hit the dart slug.
The dart slug is poisoned.
The dart slug is moderately wounded.
Robin hits you with a +3 vorpal spear. The dart slug launches a dart at you.
The slug dart hits you but does no damage.
You hit the dart slug.
The dart slug is severely wounded.
Robin hits you with a +3 vorpal spear.
* * * LOW HITPOINT WARNING * * *
x2 The dart slug bites you.
* * * LOW HITPOINT WARNING * * *
Unknown command.
You barely miss Robin.
You kill the dart slug!
Robin hits you but does no damage.
You closely miss Robin. You bite Robin.
Robin is lightly wounded.
Robin barely misses you.
You completely miss Robin.
Robin is lightly wounded.
Robin says, "Kneel, worm!"
Robin hits you with a +3 vorpal spear.
* * * LOW HITPOINT WARNING * * *
x2 You barely miss Robin.
Robin is lightly wounded.
Robin hits you with a +3 vorpal spear.
You die...

##.#. #### ..... ..#
#w#.#####.### ..#
##............. ...#
#.........#)##.#######..#
#........g#.##.#.....#..#
#...g...g.#@##.#.....#..#
#.........g.##.......#..#
#....####....#.....###..#
#.. #....#.....'....# .
#...†#.....##...##.#
#..........##......#
#####......##..#####
#......##..# #..######..#


You could see Robin.

Vanquished Creatures
  Jessica (D:2)
  An adder (D:2)
  2 worms (D:2)
  3 dart slugs
  6 ball pythons
  2 bats
  A giant cockroach (D:2)
  5 hobgoblins
  2 quokkas
  A frilled lizard (D:1)
  13 goblins
  A kobold (D:2)
  4 rats (D:1)
42 creatures vanquished.

Notes
Turn   | Place    | Note
-------+----------+-------------------------------------------
     0 | D:1      | Ablot the Gnoll Warper began the quest for the Orb.
     0 | D:1      | Reached XP level 1. HP: 20/20 MP: 6/6
   184 | D:1      | Reached XP level 2. HP: 25/26 MP: 7/7
   187 | D:1      | Learned a level 2 spell: Blink
   882 | D:1      | Reached XP level 3. HP: 31/31 MP: 9/9
   891 | D:1      | Found a faded altar of an unknown god.
   975 | D:2      | Reached skill level 5 in Spellcasting
  1058 | D:2      | Noticed Jessica
  1063 | D:2      | Killed Jessica
  1064 | D:2      | Reached skill level 1 in Short Blades
  1064 | D:2      | Reached skill level 1 in Long Blades
  1064 | D:2      | Reached skill level 1 in Axes
  1064 | D:2      | Reached skill level 1 in Maces & Flails
  1064 | D:2      | Reached skill level 1 in Staves
  1064 | D:2      | Reached skill level 1 in Slings
  1064 | D:2      | Reached skill level 1 in Bows
  1064 | D:2      | Reached skill level 1 in Crossbows
  1064 | D:2      | Reached skill level 1 in Stealth
  1064 | D:2      | Reached skill level 1 in Shields
  1064 | D:2      | Reached skill level 1 in Unarmed Combat
  1064 | D:2      | Reached skill level 1 in Invocations
  1064 | D:2      | Reached skill level 1 in Evocations
  1079 | D:2      | Reached XP level 4. HP: 19/38 MP: 11/11
  1367 | D:2      | Noticed Robin
  1394 | D:2      | Reached skill level 1 in Conjurations
  1394 | D:2      | Reached skill level 1 in Hexes
  1394 | D:2      | Reached skill level 1 in Summonings
  1394 | D:2      | Reached skill level 1 in Necromancy
  1394 | D:2      | Reached skill level 1 in Transmutations
  1394 | D:2      | Reached skill level 1 in Fire Magic
  1394 | D:2      | Reached skill level 1 in Ice Magic
  1394 | D:2      | Reached skill level 1 in Air Magic
  1394 | D:2      | Reached skill level 1 in Earth Magic
  1394 | D:2      | Reached skill level 1 in Poison Magic
  1400 | D:2      | Slain by Robin

Illustrated notes

Levels and vault maps discovered:
D:1:      dpeg_arrival_water_fire, layout_rooms,
          shapermc_ecumenical_altar_hornbeckon,
          nicolae_concentric_dashed_squares_wild, minmay_tromino_i4
D:2:      layout_basic, uniq_robin, uniq_jessica, uniq_natasha

Skill      XL: |  1  2  3  4 |
---------------+-------------+-----
Spellcasting   | 5 |  5.1
Short Blades   | 1 |  1.2
Long Blades    | 1 |  1.2
Axes           | 1 |  1.2
Maces & Flails | 1 |  1.2
Staves         | 1 |  1.2
Slings         | 1 |  1.2
Bows           | 1 |  1.2
Crossbows      | 1 |  1.2
Stealth        | 1 |  1.2
Shields        | 1 |  1.2
Unarmed Combat | 1 |  1.2
Invocations    | 1 |  1.3
Evocations     | 1 |  1.2
Conjurations   | 1 |  1.0
Hexes          | 1 |  1.0
Summonings     | 1 |  1.0
Necromancy     | 1 |  1.0
Transmutations | 1 |  1.0
Fire Magic     | 1 |  1.0
Ice Magic      | 1 |  1.0
Air Magic      | 1 |  1.0
Earth Magic    | 1 |  1.0
Poison Magic   | 1 |  1.0
Fighting       | |  4.6
Polearms       | |  4.6
Throwing       | |  2.8
Armour         | |  2.8
Dodging        | |  4.6
Translocations | |  5.5

Action                   |  1- 3 |  4- 6 || total
-------------------------+-------+-------++-------
Melee: Spear             |    58 |       ||    58
       Bite              |     6 |     3 ||     9
       Trident           |    22 |       ||    22
       Dagger            |       |    42 ||    42
Armor: Leather armour    |    14 |    13 ||    27
Dodge: Dodged            |    36 |    18 ||    54
